 Dungeon Crawl Stone Soup version 0.20-a0-544-g2b9a704 (webtiles) character file.

661 HallandMoats the Cutter (level 7, 0/53 HPs)
             Began as a Demonspawn Fighter on Feb 1, 2017.
             Was an Initiate of Dithmenos.
             Succumbed to an orc's poison
             ... on level 5 of the Dungeon.
             The game lasted 00:08:27 (3321 turns).

HallandMoats the Cutter (Demonspawn Fighter)        Turns: 3321, Time: 00:08:28

Health: 0/53       AC: 12    Str: 17    XL:     7   Next: 30%
Magic:  1/7        EV:  9    Int:  9    God:    Dithmenos [......]
Gold:   142        SH:  9    Dex: 14    Spells: 6/6 levels left

rFire    . . .     SeeInvis .   a - +0 rapier
rCold    + . .     Gourm    .   n - +2 ring mail {rC+}
rNeg     . . .     Faith    .   c - +0 shield
rPois    .         Spirit   +   b - +0 helmet
rElec    .         Reflect  .   (no cloak)
rCorr    +         Harm     .   (no gloves)
MR       .....                  (no boots)
Stlth    ++........             (no amulet)
Regen    0.2/turn               (no ring)
                                e - ring of resist corrosion

@: lethally poisoned (0 -> -4), flying, slowed, very slow
A: slimy green scales 2, magic shield, magic regeneration
a: Renounce Religion


You were on level 5 of the Dungeon.
You worshipped Dithmenos.
Dithmenos was noncommittal.
You were very hungry.

You visited 1 branch of the dungeon, and saw 5 of its levels.

You collected 142 gold pieces.

Inventory:

Hand Weapons
 a - a +0 rapier (weapon)
 k - a +2 short sword of speed
Armour
 b - a +0 helmet (worn)
 c - a +0 shield (worn)
 n - a +2 ring mail of cold resistance (worn)
Jewellery
 e - a ring of resist corrosion (left hand)
Scrolls
 d - a scroll of identify
 g - a scroll of remove curse
Potions
 p - a potion of flight
Comestibles
 f - 2 bread rations
 h - 3 meat rations
 i - 3 royal jellies


   Skills:
 + Level 3.9 Fighting
 * Level 4.4 Short Blades
 + Level 4.0 Armour
 + Level 1.8 Dodging
 * Level 4.2 Stealth
 - Level 2.6 Shields


You had 6 spell levels left.
You didn't know any spells.

Dungeon Overview and Level Annotations

Branches:
Dungeon (5/15)
 Temple: D:4-7

Altars:
Dithmenos
Trog

Shops:
D:4 (

Annotations:
D:3 laurencemcfunk's ghost, amateur MiFi
D:5 Eustachio; Prince Ribbit


Innate Abilities, Weirdness & Mutations

You are mostly covered in slimy green scales. (AC +3)
When hurt, damage is shared between your health and your magic reserves.
You regenerate magic rapidly.


Message History

The howler monkey barely misses you. You block Prince Ribbit's attack.
You block the orc wizard's attack.
The orc shouts!
You hear a shout! x5
Prince Ribbit lets out a mournful croak.
The howler monkey hits you but does no damage.
The leopard gecko barely misses you. You block Prince Ribbit's attack.
The howler monkey hits you but does no damage.
The orc hits you but does no damage.
The howler monkey hoots and howls with incredible vigour!
The leopard gecko barely misses you. You block Prince Ribbit's attack.
The orc hits you with a whip of venom.
* * * LOW HITPOINT WARNING * * *
You are lethally poisoned!
You hear a shout!
* * * LOW HITPOINT WARNING * * *
You feel sick.
Prince Ribbit blinks!
The orc barely misses you. You block the leopard gecko's attack.
You feel very buoyant.
You fly up into the air.
You die...

....#....##...# ###.#
##.###...##...# #.#####
#.........#...# #..).)#
#.........#...# #####.#
..............### #.# .
.............<#######.#######
........F...S.#............#
.....#...hloo[...........#
....##...o.@>.......###..#
.... #.........###..'_# .#
...............##..###
###############.... #......
########


You could see Prince Ribbit, a howler monkey, an orc wizard, an adder, 2 orcs
and a leopard gecko.

Vanquished Creatures
  The ghost of McSplat the Poker, an amateur MfGl (D:4)
  A scorpion (D:4)
  3 hounds (D:4)
  2 orc priests (D:3)
  2 bullfrog skeletons (D:4)
  5 orc wizards
  A worker ant (D:4)
  A hound zombie (D:5)
  3 adders
  3 oozes (D:2)
  2 worms (D:2)
  5 dart slugs
  2 leopard geckos
  7 orcs
  6 bats
  3 giant cockroaches
  4 goblins
  6 hobgoblins
  12 jackals
  A quokka (D:2)
  5 frilled lizards
  13 kobolds
  9 rats
97 creatures vanquished.

Notes
Turn   | Place    | Note
-------+----------+-------------------------------------------
     0 | D:1      | HallandMoats the Demonspawn Fighter began the quest for the Orb.
     0 | D:1      | Reached XP level 1. HP: 18/18 MP: 1/1
   164 | D:1      | Gained mutation: You are partially covered in slimy green scales. (AC +2) [demonic ancestry]
   164 | D:1      | Reached XP level 2. HP: 14/24 MP: 2/2
   466 | D:1      | Reached skill level 1 in Stealth
   632 | D:1      | Gained mutation: When hurt, damage is shared between your health and your magic reserves. [demonic ancestry]
   632 | D:1      | Reached XP level 3. HP: 28/29 MP: 3/3
  1272 | D:2      | Reached XP level 4. HP: 35/35 MP: 4/4
  1389 | D:2      | Found a bloodstained altar of Trog.
  1634 | D:3      | Reached skill level 1 in Dodging
  1642 | D:3      | Gained mutation: You regenerate magic rapidly. [demonic ancestry]
  1642 | D:3      | Reached XP level 5. HP: 34/41 MP: 3/5
  1860 | D:3      | Noticed an orc warrior
  1896 | D:3      | Noticed laurencemcfunk's ghost (amateur MiFi)
  2278 | D:4      | Noticed McSplat's ghost (amateur MfGl)
  2293 | D:4      | Killed McSplat's ghost
  2293 | D:4      | Reached XP level 6. HP: 12/47 MP: 2/6
  2296 | D:4      | Found Wipsidy's Weapon Shop.
  2813 | D:4      | Gained mutation: You are mostly covered in slimy green scales. (AC +3) [demonic ancestry]
  2813 | D:4      | Reached XP level 7. HP: 42/53 MP: 7/7
  3135 | D:5      | Entered Level 5 of the Dungeon
  3138 | D:5      | Noticed Eustachio
  3226 | D:5      | Found a shadowy altar of Dithmenos.
  3229 | D:5      | Became a worshipper of Dithmenos the Shadowed
  3238 | D:5      | Noticed Prince Ribbit
  3310 | D:5      | HP: 2/53 [Prince Ribbit (2)]
  3316 | D:5      | HP: 2/53 [leopard gecko (1)]
  3321 | D:5      | Succumbed to an orc's poison

Vault maps used:
D:1:      minmay_arrival_checkered_box
D:2:      bloody_trog, first_bread
D:3:      lemuel_coloured_pillars_altar
D:4:      serial_shops, nicolae_shop_waterfront
D:5:      kennysheep_mini_moat, minmay_temple_entry_fiery, uniq_menkaure,
          uniq_prince_ribbit1, uniq_eustachio, uniq_edmund

Skill      XL: |  1  2  3  4  5  6  7 |
---------------+----------------------+-----
Short Blades   | 2 3 4 |  4.4
Stealth        | 1 2 3 4 |  4.2
Armour         | 3 4 |  4.0
Dodging        | 1 |  1.8
Fighting       | |  3.9
Shields        | |  2.6

Action                   |  1- 3 |  4- 6 |  7- 9 || total
-------------------------+-------+-------+-------++-------
Melee: Rapier            |    29 |       |     3 ||    32
       Short sword       |   145 |   193 |    69 ||   407
  Use: Potion            |       |     3 |     3 ||     6
       Scroll            |       |     6 |     1 ||     7
 Stab: Sleeping          |     1 |     1 |       ||     2
  Eat: Chunk             |     1 |     3 |     1 ||     5
       Royal jelly       |       |     1 |       ||     1
Armor: Scale mail        |    31 |       |       ||    31
       Ring mail         |    29 |    54 |    56 ||   139
Dodge: Dodged            |    44 |    33 |    45 ||   122
Block: Shield            |    63 |    51 |    54 ||   168
